APP
SAN DIEGO (APP) PADRES @ OGDEN RAPTORS
08/20/2046
 
TOP OF THE 1ST
San Diego (APP) Padres batting - Pitching for Ogden Raptors : LHP Randy Dupuis
Pitching: LHP Randy Dupuis
Batting: RHB Elias Vences 0-0: Ground out U3 (Groundball, 3, EV 104.4 MPH)
Batting: SHB Isaiah Scates 0-0: Ball
1-0: Ball
2-0: Ball
3-0: Base on Balls
Batting: LHB Hugo MacBeth 0-0: Ground out 4-3 (Groundball, 34S, EV 84.4 MPH)
Isaiah Scates to second
Batting: RHB Brian DeVoe 0-0: Foul Ball, location: 2F
0-1: Ground out 4-3 (Groundball, 4, EV 91.9 MPH)
Top of the 1st over - 0 runs, 0 hits, 0 errors, 1 left on base; San Diego (APP) 0 - Ogden 0
BOTTOM OF THE 1ST
Ogden Raptors batting - Pitching for San Diego (APP) Padres : RHP Alberto Cuevas
Pitching: RHP Alberto Cuevas
Batting: LHB Cory Bowler 0-0: Ball
1-0: Ground out 5-3 (Groundball, 56S, EV 81.2 MPH)
Batting: LHB Nate Kee 0-0: Called Strike
0-1: Ball
1-1: Ball
2-1: Swinging Strike
2-2: Strikes out swinging
Batting: RHB Chad Rojas 0-0: Ball
1-0: Foul Ball, location: 2F
1-1: Ball
2-1: Foul Ball, location: 2F
2-2: Ball
3-2: Foul Ball, location: 2F
3-2: Base on Balls
Batting: LHB Mitchell Casey 0-0: Ball
Chad Rojas steals 2nd base
1-0: Ball
2-0: Ball
3-0: Called Strike
3-1: Swinging Strike
3-2: Strikes out swinging
Bottom of the 1st over - 0 runs, 0 hits, 0 errors, 1 left on base; San Diego (APP) 0 - Ogden 0
TOP OF THE 2ND
San Diego (APP) Padres batting - Pitching for Ogden Raptors : LHP Randy Dupuis
Batting: LHB Phil Lerner 0-0: Foul Ball, location: 2F
0-1: Ball
1-1: Swinging Strike
1-2: Ball
2-2: Fly out, F8 (Line Drive, 8RD, EV 106.2 MPH)
Batting: RHB Aaron Joseph 0-0: Swinging Strike
0-1: Foul Ball, location: 2F
0-2: Strikes out swinging
Batting: LHB Conor Barron 0-0: Called Strike
0-1: Called Strike
0-2: Ball
1-2: SOLO HOME RUN (Flyball, 9LD, EV 95.6 MPH), Distance : 348 ft
Batting: RHB Ed Oake 0-0: Foul Ball, location: 2F
0-1: Ball
1-1: Ball
2-1: Called Strike
2-2: SINGLE (Groundball, 4MD, EV 110.0 MPH)
Batting: RHB Tyler Johnson 0-0: Ball
1-0: Fly out, F6 (Line Drive, 6M, EV 67.5 MPH)
Top of the 2nd over - 1 run, 2 hits, 0 errors, 1 left on base; San Diego (APP) 1 - Ogden 0
BOTTOM OF THE 2ND
Ogden Raptors batting - Pitching for San Diego (APP) Padres : RHP Alberto Cuevas
Batting: LHB Tore Bosch 0-0: Called Strike
0-1: Fly out, F9 (Flyball, 9D, EV 82.5 MPH)
Batting: RHB Kevin Ezell 0-0: Ball
1-0: Foul Ball, location: 2F
1-1: Foul Ball, location: 2F
1-2: Strikes out swinging
Batting: SHB Dave Reynoso 0-0: Called Strike
0-1: Ball
1-1: Fly out, F7 (Flyball, 7D, EV 109.4 MPH)
Bottom of the 2nd over - 0 runs, 0 hits, 0 errors, 0 left on base; San Diego (APP) 1 - Ogden 0
TOP OF THE 3RD
San Diego (APP) Padres batting - Pitching for Ogden Raptors : LHP Randy Dupuis
Batting: RHB Elias Vences 0-0: Called Strike
0-1: Foul Ball, location: 2F
0-2: Ball
1-2: Ball
2-2: Ball
3-2: Ground out 6-3 (Groundball, 6, EV 106.2 MPH)
Batting: SHB Isaiah Scates 0-0: Called Strike
0-1: Foul Ball, location: 2F
0-2: Ball
1-2: Strikes out swinging
Batting: LHB Hugo MacBeth 0-0: Ball
1-0: DOUBLE (Groundball, 3L, EV 107.5 MPH)
Batting: RHB Brian DeVoe 0-0: 2-RUN HOME RUN (Flyball, 7D, EV 106.2 MPH), Distance : 396 ft
Batting: LHB Phil Lerner 0-0: Ground out 6-3 (Groundball, 6, EV 104.4 MPH)
Top of the 3rd over - 2 runs, 2 hits, 0 errors, 0 left on base; San Diego (APP) 3 - Ogden 0
BOTTOM OF THE 3RD
Ogden Raptors batting - Pitching for San Diego (APP) Padres : RHP Alberto Cuevas
Batting: RHB Brad Brady 0-0: Foul Ball, location: 2F
0-1: Ball
1-1: SOLO HOME RUN (Flyball, 9D, EV 99.4 MPH), Distance : 379 ft
Batting: SHB Jason Todd 0-0: Ball
1-0: Ball
2-0: Ball
3-0: Called Strike
3-1: Foul Ball, location: 2F
3-2: Base on Balls
Batting: LHB Cory Bowler 0-0: Ball
1-0: Grounds out, U3 (Groundball, 3L, EV 86.2 MPH)
Batting: LHB Nate Kee 0-0: Ball
1-0: Swinging Strike
1-1: Swinging Strike
1-2: Strikes out swinging
Batting: RHB Chad Rojas 0-0: Ball
Wild Pitch!
Jason Todd to third
1-0: Swinging Strike
1-1: Ball
2-1: Foul Ball, location: 2F
2-2: Foul Ball, location: 2F
2-2: Ball
3-2: SINGLE (Groundball, 6D, EV 97.5 MPH)
Jason Todd scores
Batting: LHB Mitchell Casey 0-0: Called Strike
Chad Rojas is caught stealing 2nd base 2-6
Bottom of the 3rd over - 2 runs, 2 hits, 0 errors, 0 left on base; San Diego (APP) 3 - Ogden 2
TOP OF THE 4TH
San Diego (APP) Padres batting - Pitching for Ogden Raptors : LHP Randy Dupuis
Batting: RHB Aaron Joseph 0-0: Called Strike
0-1: Ball
1-1: DOUBLE (Flyball, 89D, EV 92.5 MPH)
Batting: LHB Conor Barron 0-0: Ball
1-0: Ground out 4-3 (Groundball, 4, EV 91.2 MPH)
Aaron Joseph to third
Batting: RHB Ed Oake 0-0: Ball
1-0: Ball
2-0: Ground out 5-3 (Groundball, 56, EV 84.4 MPH)
Aaron Joseph scores
Batting: RHB Tyler Johnson 0-0: Ball
1-0: Ball
2-0: SINGLE (Groundball, 34D, EV 105.6 MPH)
Batting: RHB Elias Vences 0-0: Ball
1-0: Ball
2-0: Ball
3-0: Base on Balls
Tyler Johnson to second
Batting: SHB Isaiah Scates 0-0: Ball
1-0: Foul Ball, location: 2F
1-1: Fly out, F8 (Flyball, 8RM, EV 85.0 MPH)
Top of the 4th over - 1 run, 2 hits, 0 errors, 2 left on base; San Diego (APP) 4 - Ogden 2
BOTTOM OF THE 4TH
Ogden Raptors batting - Pitching for San Diego (APP) Padres : RHP Alberto Cuevas
Batting: LHB Mitchell Casey 0-0: Hit by Pitch
Batting: LHB Tore Bosch 0-0: Ball
1-0: Ball
2-0: Called Strike
2-1: Swinging Strike
2-2: Strikes out swinging
Batting: RHB Kevin Ezell 0-0: Foul Ball, location: 2F
0-1: SINGLE (Line Drive, 78M, EV 97.5 MPH)
Mitchell Casey to second
Batting: SHB Dave Reynoso 0-0: Called Strike
0-1: Called Strike
0-2: Foul Ball, location: 2F
0-2: Foul Ball, location: 2F
0-2: Ball
1-2: Ball
2-2: Strikes out swinging
Batting: RHB Brad Brady 0-0: Called Strike
0-1: Swinging Strike
0-2: Ball
1-2: Ground out 5-3 (Groundball, 5S, EV 66.9 MPH)
Bottom of the 4th over - 0 runs, 1 hit, 0 errors, 2 left on base; San Diego (APP) 4 - Ogden 2
TOP OF THE 5TH
San Diego (APP) Padres batting - Pitching for Ogden Raptors : LHP Randy Dupuis
Batting: LHB Hugo MacBeth 0-0: SINGLE (Groundball, 4MD, EV 99.4 MPH)
Batting: RHB Brian DeVoe 0-0: Called Strike
0-1: Ball
1-1: Ball
2-1: Fly out, F9 (Flyball, 89M, EV 80.6 MPH)
Batting: LHB Phil Lerner 0-0: Ball
1-0: Ball
2-0: Called Strike
2-1: Ball
3-1: Swinging Strike
3-2: Foul Ball, location: 2F
3-2: 2-RUN HOME RUN (Flyball, 9D, EV 100.6 MPH), Distance : 384 ft
Pitching: LHP Bill Esten
Batting: RHB Aaron Joseph 0-0: Ball
1-0: Foul Ball, location: 2F
1-1: Ball
2-1: DOUBLE (Groundball, 5L, EV 98.8 MPH)
Batting: LHB Conor Barron 0-0: Ball
1-0: Swinging Strike
1-1: Foul Ball, location: 2F
1-2: Strikes out swinging
Batting: RHB Ed Oake 0-0: Ball
1-0: Foul Ball, location: 2F
1-1: Called Strike
1-2: Strikes out swinging
Top of the 5th over - 2 runs, 3 hits, 0 errors, 1 left on base; San Diego (APP) 6 - Ogden 2
BOTTOM OF THE 5TH
Ogden Raptors batting - Pitching for San Diego (APP) Padres : RHP Alberto Cuevas
Batting: SHB Jason Todd 0-0: Ball
1-0: Called Strike
1-1: Called Strike
1-2: SINGLE (Line Drive, 7S, EV 98.8 MPH)
Batting: LHB Cory Bowler 0-0: Ball
1-0: Fielders Choice at 2nd, 5-4 (Groundball, 56D, EV 85.6 MPH)
Batting: LHB Nate Kee 0-0: Ball
1-0: Ball
2-0: Ball
Wild Pitch!
Cory Bowler to second
3-0: Called Strike
3-1: Foul Ball, location: 2F
3-2: Strikes out swinging
Pitching: RHP Nick Goodlow
Batting: RHB Chad Rojas 0-0: Ball
1-0: Foul Ball, location: 2F
1-1: Ball
2-1: Swinging Strike
2-2: Foul Ball, location: 2F
2-2: Strikes out swinging
Bottom of the 5th over - 0 runs, 1 hit, 0 errors, 1 left on base; San Diego (APP) 6 - Ogden 2
TOP OF THE 6TH
San Diego (APP) Padres batting - Pitching for Ogden Raptors : LHP Bill Esten
Batting: RHB Tyler Johnson 0-0: Called Strike
0-1: Ball
1-1: Called Strike
1-2: Ball
2-2: Foul Ball, location: 2F
2-2: Strikes out looking
Batting: RHB Elias Vences 0-0: Foul Ball, location: 2F
0-1: Ball
1-1: Foul Ball, location: 2F
1-2: Ball
2-2: Foul Ball, location: 2F
2-2: Foul Ball, location: 2F
2-2: Ball
3-2: Ground out 4-3 (Groundball, 4, EV 84.4 MPH)
Batting: SHB Isaiah Scates 0-0: Swinging Strike
0-1: Foul Ball, location: 2F
0-2: Ball
1-2: Foul Ball, location: 2F
1-2: Ball
2-2: Foul Ball, location: 2F
2-2: Foul Ball, location: 2F
2-2: Foul Ball, location: 2F
2-2: Strikes out swinging
Top of the 6th over - 0 runs, 0 hits, 0 errors, 0 left on base; San Diego (APP) 6 - Ogden 2
BOTTOM OF THE 6TH
Ogden Raptors batting - Pitching for San Diego (APP) Padres : RHP Nick Goodlow
Batting: LHB Mitchell Casey 0-0: Ball
1-0: Ball
2-0: Foul Ball, location: 2F
2-1: Swinging Strike
2-2: Strikes out looking
Batting: LHB Tore Bosch 0-0: Foul Ball, location: 2F
0-1: Ball
1-1: Called Strike
1-2: Ball
2-2: Ground out 4-3 (Groundball, 4, EV 85.6 MPH)
Batting: RHB Kevin Ezell 0-0: Swinging Strike
0-1: Foul Ball, location: 2F
0-2: Strikes out swinging
Bottom of the 6th over - 0 runs, 0 hits, 0 errors, 0 left on base; San Diego (APP) 6 - Ogden 2
TOP OF THE 7TH
San Diego (APP) Padres batting - Pitching for Ogden Raptors : LHP Bill Esten
Batting: LHB Hugo MacBeth 0-0: Ball
1-0: Called Strike
1-1: Called Strike
1-2: Foul Ball, location: 5F, Error on foul ball, E5
1-2: Ball
2-2: Strikes out swinging, 2-3 out at first.
Batting: RHB Brian DeVoe 0-0: Called Strike
0-1: Called Strike
0-2: Ball
1-2: SINGLE (Groundball, 5S, EV 72.5 MPH) (infield hit)
Batting: LHB Phil Lerner 0-0: Called Strike
0-1: Called Strike
0-2: Ball
1-2: Strikes out swinging
Batting: RHB Aaron Joseph 0-0: Called Strike
0-1: Foul Ball, location: 2F
0-2: SINGLE (Groundball, 6S, EV 61.9 MPH) (infield hit)
Brian DeVoe to second
Batting: LHB Conor Barron 0-0: Ball
1-0: Ball
2-0: DOUBLE (Flyball, 89XD, EV 98.8 MPH)
Brian DeVoe scores
Aaron Joseph to third
Runner from 3rd tries for Home, SAFE, throw by RF to trailing runner, OUT at third! 9-3-5
Top of the 7th over - 2 runs, 3 hits, 1 error, 0 left on base; San Diego (APP) 8 - Ogden 2
BOTTOM OF THE 7TH
Ogden Raptors batting - Pitching for San Diego (APP) Padres : RHP Nick Goodlow
Batting: SHB Dave Reynoso 0-0: Swinging Strike
0-1: Foul Ball, location: 2F
0-2: Ball
1-2: Fly out, F8 (Flyball, 89D, EV 87.5 MPH)
Batting: RHB Brad Brady 0-0: Fly out, F7 (Line Drive, 7, EV 103.1 MPH)
Batting: SHB Jason Todd 0-0: Ground out 4-3 (Groundball, 34D, EV 104.4 MPH)
Bottom of the 7th over - 0 runs, 0 hits, 0 errors, 0 left on base; San Diego (APP) 8 - Ogden 2
TOP OF THE 8TH
San Diego (APP) Padres batting - Pitching for Ogden Raptors : LHP Bill Esten
Batting: RHB Ed Oake 0-0: Ball
1-0: Ball
2-0: Ball
3-0: Base on Balls
Batting: RHB Tyler Johnson 0-0: Ball
1-0: Swinging Strike
1-1: Foul Ball, location: 2F
1-2: Foul Ball, location: 2F
1-2: Ball
2-2: Fielders Choice at 2nd, 3-6 (Groundball, 34, EV 84.4 MPH)
Pitching: RHP Balinda Msrah
Batting: RHB Elias Vences 0-0: Foul Ball, location: 2F
0-1: Ball
1-1: Foul Ball, location: 2F
1-2: Foul Ball, location: 2F
1-2: Foul Ball, location: 2F
1-2: Ball
2-2: Fielders Choice at 2nd, 4-6 (Groundball, 4, EV 98.1 MPH)
Batting: SHB Isaiah Scates 0-0: Called Strike
Elias Vences steals 2nd, throwing error, E2
Elias Vences to third
0-1: Reached on error, E4 (Groundball, 34, EV 78.8 MPH)
Elias Vences scores
Batting: LHB Hugo MacBeth 0-0: Fly out, F9 (Flyball, 9D, EV 105.0 MPH)
Top of the 8th over - 1 run, 0 hits, 2 errors, 1 left on base; San Diego (APP) 9 - Ogden 2
BOTTOM OF THE 8TH
Ogden Raptors batting - Pitching for San Diego (APP) Padres : RHP Nick Goodlow
Pinch Hitting: SHB Jesus Gomez 0-0: Called Strike
0-1: Called Strike
0-2: Ball
1-2: Strikes out swinging
Batting: LHB Nate Kee 0-0: Called Strike
0-1: Foul Ball, location: 2F
0-2: Ball
1-2: Strikes out looking and he ARGUES THE CALL AND IS TOSSED!
Batting: RHB Chad Rojas 0-0: SINGLE (Groundball, 6D, EV 100.6 MPH)
Batting: LHB Mitchell Casey 0-0: Foul Ball, location: 2F
0-1: Ball
1-1: Ball
2-1: Ball
3-1: Foul Ball, location: 2F
3-2: Foul Ball, location: 2F
3-2: Base on Balls
Chad Rojas to second
Pitching: RHP Mike Swenson
Pinch Hitting: RHB Luis Hinostroza 0-0: Ball
1-0: Ground out U3 (Groundball, 13, EV 84.4 MPH)
Bottom of the 8th over - 0 runs, 1 hit, 0 errors, 2 left on base; San Diego (APP) 9 - Ogden 2
TOP OF THE 9TH
San Diego (APP) Padres batting - Pitching for Ogden Raptors : RHP Balinda Msrah
Now at 1B: Luis Hinostroza
Now at 2B: Josh Vaill
Now in CF: Chad Rojas
Now in RF: Jesus Gomez
Pinch Hitting: RHB Adrian Cook 0-0: Foul Ball, location: 2F
0-1: Foul Ball, location: 2F
0-2: Foul Ball, location: 2F
0-2: DOUBLE (Flyball, 78XD, EV 106.2 MPH)
Batting: LHB Phil Lerner 0-0: Called Strike
0-1: Called Strike
0-2: DOUBLE (Line Drive, 89D, EV 103.1 MPH)
Adrian Cook scores
Batting: RHB Aaron Joseph 0-0: Ball
1-0: Foul Ball, location: 2F
1-1: Ball
2-1: Swinging Strike
2-2: Ball
3-2: Base on Balls
Batting: LHB Conor Barron 0-0: Ball
1-0: Fly out, F7 (Line Drive, 7D, EV 109.4 MPH)
Runner from 2nd tags up, SAFE at 3rd, no throw by LF
Batting: RHB Ed Oake 0-0: Ball
1-0: Ball
2-0: Called Strike
2-1: Foul Ball, location: 2F
2-2: Reached on error, E8 (Flyball, 8RXD, EV 104.4 MPH)
Phil Lerner scores
Aaron Joseph to second
Pitching: RHP Alfredo Sanchez
Pinch Hitting: LHB Carlos Cuellar 0-0: Ball
1-0: Fielders Choice at 2nd, 4-6 (Groundball, 4S, EV 85.6 MPH)
Aaron Joseph to third
Batting: RHB Elias Vences 0-0: Foul Ball, location: 2F
0-1: Foul Ball, location: 2F
0-2: Foul Ball, location: 2F
0-2: Ball
1-2: Strikes out swinging
Top of the 9th over - 2 runs, 2 hits, 1 error, 2 left on base; San Diego (APP) 11 - Ogden 2
BOTTOM OF THE 9TH
Ogden Raptors batting - Pitching for San Diego (APP) Padres : RHP Mike Swenson
Now at 2B: Adrian Cook
Now at SS: Ruben Luis
Batting: RHB Kevin Ezell 0-0: Ball
1-0: Called Strike
1-1: Ball
2-1: Ball
3-1: Base on Balls
Batting: SHB Dave Reynoso 0-0: Ball
1-0: Ball
2-0: Called Strike
2-1: Foul Ball, location: 2F
2-2: Foul Ball, location: 2F
2-2: Foul Ball, location: 2F
2-2: Hit by Pitch
Kevin Ezell to second
Batting: RHB Brad Brady 0-0: Ball
1-0: Ball
2-0: Ball
3-0: Base on Balls
Kevin Ezell to third
Dave Reynoso to second
Pinch Hitting: RHB Eddie Perry 0-0: Called Strike
0-1: Swinging Strike
0-2: Ball
1-2: Ball
2-2: Strikes out swinging
Batting: SHB Jesus Gomez 0-0: Ball
1-0: Ball
2-0: Ball
3-0: Fly out, F7 (Flyball, 78D, EV 78.8 MPH)
Runner from 3rd tags up, SCORES, no throw by LF
Batting: SHB Josh Vaill 0-0: Called Strike
0-1: Ball
Wild Pitch!
Dave Reynoso to third
Brad Brady to second
1-1: Called Strike
1-2: Strikes out swinging
Bottom of the 9th over - 1 run, 0 hits, 0 errors, 2 left on base; San Diego (APP) 11 - Ogden 3
Tuesday, September 13th , 2022 - OOTP Baseball 23.7 Build 88